 Dungeon Sprint DCSS version 0.29-a0-1008-g949cc1d0fb (webtiles) character file.

Game seed: 1259532383921781736

37 wilfster70 the Chopper (level 3, 0/52 HPs)
             Began as a Minotaur Fighter on Aug 7, 2022.
             Slain by a necrophage (6 damage)
             ... in the Dungeon (Sprint IX: "|||||||||||||||||||||||||||||").
             The game lasted 00:00:23 (40 turns).

wilfster70 the Chopper (Minotaur Fighter)             Turns: 40, Time: 00:00:23

Health: 0/52       AC:  7    Str: 22    XL:     3   Next: 21%
Magic:  2/2        EV: 10    Int:  5    God:
Gold:   0          SH:  4    Dex:  9    Spells: 2/2 levels left

rFire   . . .      SeeInvis .   a - +0 war axe
rCold   . . .      Faith    .   c - +0 buckler
rNeg    . . .      Spirit   .   b - +0 scale mail
rPois   .          Reflect  .   (helmet restricted)
rElec   .          Harm     .   (no cloak)
rCorr   .          Rampage  .   (no gloves)
Will    .....      NoTele   +   (no boots)
Stlth   ..........              (no amulet)
HPRegen 0.17/turn               (no ring)
MPRegen 0.08/turn               (no ring)

@: berserking, very quick
A: horns 2, retaliatory headbutt
a: no special abilities


You were in the Dungeon.
You visited 1 branch

Inventory:

Hand Weapons
 a - a +0 war axe (weapon)
Armour
 b - a +0 scale mail (worn)
 c - a +0 buckler (worn)
Scrolls
 j - a scroll of blinking
Potions
 d - a potion of might
 e - a potion of curing
 f - a potion of heal wounds
 g - a potion of haste
 h - 2 potions of magic


   Skills:
 + Level 4.8 Fighting
 * Level 5.0 Axes
 + Level 4.7 Armour
 + Level 2.5 Dodging
 + Level 4.8 Shields


You had 2 spell levels left.
You didn't know any spells.
Your spell library was empty.

Dungeon Overview and Level Annotations

Branches:
Dungeon (1/1)

Altars:


Innate Abilities, Weirdness & Mutations

You have a pair of horns on your head.
You reflexively headbutt those who attack you in melee.


Message History

You kill the ball python!
You see here a dart slug corpse.
You start resting.
HP restored.
You open the door.
An adder, a necrophage, an ufetubus and 2 iguanas come into view.
The adder hisses angrily.
The iguana hisses angrily. x2
A red film seems to cover your vision as you go berserk!
You feel yourself moving faster!
You feel mighty! The iguana bites you.
You barely miss the iguana. The iguana bites you!
You slash the iguana! You headbutt the iguana.
The iguana is almost dead.
The iguana bites you!
* * * LOW HITPOINT WARNING * * *
You slash the iguana!
You kill the iguana!
The ufetubus hits you.
* * * LOW HITPOINT WARNING * * *
The ufetubus hits you.
* * * LOW HITPOINT WARNING * * *
Your Axes skill increases to level 4!
Your Dodging skill increases to level 2!
You have reached level 2!
You have reached level 3!
Your experience leads to an increase in your attributes!
Increase (S)trength, (I)ntelligence, or (D)exterity?
You feel stronger. x2
You slash the ufetubus!
You kill the ufetubus!
Your Axes skill increases to level 5!
The necrophage hits you but does no damage.
There is an open door here.
You see here an iguana corpse.
You slice the necrophage!!
The necrophage is severely damaged.
You block the necrophage's attack.
You closely miss the necrophage.
The necrophage is severely damaged.
The necrophage hits you.
You die...

▓+▓
▓.▓
▓.▓
▓S▓
▓l▓
▓n▓
▓@▓
▓.▓
▓.▓
▓.▓
▓.▓
▓†▓
▓†▓
▓.▓
▓.▓


You could see a necrophage, an iguana and an adder.

Vanquished Creatures
  An iguana (D)
  An ufetubus (D)
  A dart slug (D)
  A quokka (D)
  A ball python (D)
  A frilled lizard (D)
  A rat (D)
7 creatures vanquished.

Notes
Turn   | Place    | Note
-------+----------+-------------------------------------------
     0 | D        | wilfster70 the Minotaur Fighter began the quest for the
                  | Orb.
     0 | D        | Reached XP level 1. HP: 19/19 MP: 0/0
     9 | D        | Reached skill level 3 in Axes
    12 | D        | Reached skill level 1 in Dodging
    32 | D        | Noticed an iguana
    32 | D        | Noticed a necrophage
    32 | D        | Noticed an iguana
    36 | D        | Killed an iguana
    37 | D        | Reached skill level 4 in Axes
    37 | D        | Reached XP level 2. HP: 5/28 MP: 1/1
    37 | D        | Reached XP level 3. HP: 6/34 MP: 2/2
    38 | D        | Reached skill level 5 in Axes
    40 | D        | Slain by a necrophage

Illustrated notes

Levels and vault maps discovered:
D:        linesprint [early_d, line_temple, items_1, d_10, items_2, lair_1,
          lair_end, items_3, orc_1, orc_end, items_4, d_15, swamp_1, shoals_1,
          snake_1, spider_1, d_20, vaults_1, items_5, swamp_end, shoals_end,
          snake_end, spider_end, vaults_end, d_27, items_6, zot_1, zot_end,
          crypt_end, forest_end, elf_end, slime_end, tomb_end, abyss_end,
          pan_hell_end]

Skill      XL: |  1  2  3 |
---------------+----------+-----
Axes           | 4 5 |  5.0
Fighting       | 4 |  4.8
Armour         | 4 |  4.7
Dodging        | 2 |  2.5
Shields        | 4 |  4.8

Action                   || total
-------------------------++-------
Melee: War axe           ||    14
       Headbutt          ||     2
  Use: Potion            ||     1
Armor: Scale mail        ||     4
Dodge: Dodged            ||     3
Block: Buckler           ||     3

Table legend: (Time is in decaauts)
 A = Elapsed time spent in this place.
 B = Non-inter-level travel time spent in this place.
 C = Inter-level travel time spent in this place.
 D = Time resting spent in this place.
 E = Time spent auto-exploring this place.
 F = Levels seen in this place.
 G = Mean time per level.
                   A        B        C        D        E       F      G
               +--------+--------+--------+--------+--------+-----+--------+
         Total |     42 |     42 |      0 |     14 |      0 |   1 |   42.0 |
       Dungeon |     42 |     42 |      0 |     14 |      0 |   1 |   42.0 |
               +--------+--------+--------+--------+--------+-----+--------+

Top non-repeatable levels by time:
       D: 42 daAuts
